AoeStats
← joeldenouden98

QS Arena

503380441Analyzed
4v4 RM · 1mo ago on Aug 31, 2026· 52m 13s· 8 players
Game mode
Random Map
Map size
Large (8 player)
Population
200
Speed
Normal
Resources
Standard
Victory
Conquest
Starting age
Dark Age
Ending age
Imperial Age
RankedLock teamsTeams togetherTeam positionsShared explorationLock speedFull tech treeHidden civsTurbo modeCheats
Victory
Defeat
🇷🇺 Spanish · Russia
1037
+13
🇫🇷 Lithuanians · France
1027
+14
🇳🇱 Mongols · Netherlands
1000
+46
🇻🇳 Aztecs · Vietnam
988
+16
🇨🇳 Mapuche · China
1066
-18
🇨🇳 Celts · China
1018
-16
🇨🇳 Franks · China
928
-24
🇨🇳 Teutons · China
916
-12
Arjack
10:25 Feudal Age
14:46 Castle Age
12:51 Double-Bit Axe
12:46 Horse Collar
13:28 Stone Mining
25:33 Wheelbarrow
26:02 Scale Barding Armor
27:34 Chain Barding Armor
27:25 Forging
30:39 Imperial Age
27:59 Loom
28:00 Town Watch
28:29 Gold Mining
29:41 Hand Cart
29:38 Bow Saw
29:29 Heavy Plow
29:54 Bloodlines
29:44 Husbandry
31:45 Elite Leitis
33:06 Plate Barding Armor
33:58 Conscription
34:33 Iron Casting
35:09 Fletching
36:33 Two-Man Saw
39:47 Chemistry
39:07 Ballistics
38:58 Masonry
38:46 Bodkin Arrow
39:29 Hoardings
49:15 Stone Shaft Mining
49:12 Crop Rotation
48:45 Bracer
49:17 Architecture
joeldenouden98
7:50 Feudal Age
12:14 Castle Age
10:20 Double-Bit Axe
11:15 Gold Mining
14:26 Wheelbarrow
18:33 Horse Collar
22:35 Loom
23:43 Fletching
27:01 Bodkin Arrow
30:00 Imperial Age
29:21 Hand Cart
28:51 Town Watch
31:52 Scale Mail Armor
31:15 Pikeman
32:39 Stone Mining
33:33 Murder Holes
35:25 Elite Mangudai
37:23 Ballistics
37:14 Fortified Wall
39:36 Gold Shaft Mining
40:44 Conscription
39:47 Man-at-Arms
41:15 Bloodlines
42:27 Scale Barding Armor
42:33 Forging
42:24 Bracer
45:21 Chemistry
51:49 Padded Archer Armor
BDSM|POLSKA
0:30 Loom
9:09 Feudal Age
9:40 Double-Bit Axe
9:37 Horse Collar
15:38 Castle Age
14:03 Stone Mining
14:05 Gold Mining
16:31 Bow Saw
16:23 Heavy Plow
18:30 Wheelbarrow
18:55 Fletching
20:52 Bodkin Arrow
26:56 Stone Shaft Mining
28:18 Fortified Wall
29:50 Hand Cart
30:30 Masonry
34:20 Imperial Age
33:54 Forging
33:45 Scale Mail Armor
33:10 Pikeman
34:32 Halberdier
35:12 Squires
36:48 Chemistry
40:50 Iron Casting
40:30 Chain Mail Armor
48:52 Blast Furnace
48:23 Plate Mail Armor
47:54 Bracer
Only 1 call a day
0:28 Loom
9:26 Feudal Age
16:41 Castle Age
14:56 Double-Bit Axe
14:54 Horse Collar
15:12 Stone Mining
怀草诗
8:29 Feudal Age
8:47 Loom
12:36 Castle Age
10:33 Double-Bit Axe
11:41 Horse Collar
14:05 Wheelbarrow
14:44 Gold Mining
16:53 Forging
21:34 Bow Saw
22:33 Town Watch
27:50 Iron Casting
31:11 Imperial Age
29:48 Hand Cart
30:34 Gold Shaft Mining
29:24 Pikeman
30:25 Fletching
34:02 Blast Furnace
32:58 Bodkin Arrow
34:06 Conscription
35:24 Elite Skirmisher
36:08 Padded Archer Armor
36:17 Malon
36:57 Heavy Plow
42:41 Leather Archer Armor
47:41 Halberdier
我不是
8:18 Feudal Age
12:14 Castle Age
10:03 Double-Bit Axe
14:11 Wheelbarrow
14:20 Bow Saw
21:07 Gold Mining
21:09 Stone Mining
23:32 Gold Shaft Mining
28:16 Imperial Age
26:02 Hand Cart
26:10 Loom
27:23 Masonry
27:09 Murder Holes
29:13 Husbandry
29:26 Scale Barding Armor
29:31 Forging
29:34 Chivalry
29:56 Conscription
29:27 Cavalier
31:24 Architecture
30:47 Paladin
34:26 Chain Barding Armor
34:41 Iron Casting
36:43 Plate Barding Armor
37:22 Blast Furnace
39:11 Scale Mail Armor
40:18 Pikeman
40:58 Squires
40:44 Arson
42:32 Coinage
42:03 Caravan
43:04 Halberdier
45:30 Hoardings
46:35 Chain Mail Armor
48:48 Light Cavalry
等等
8:51 Feudal Age
7:27 Loom
9:22 Loom
9:29 Gold Mining
9:25 Double-Bit Axe
10:05 Horse Collar
15:36 Castle Age
14:20 Stone Mining
25:58 Gambesons
27:11 Wheelbarrow
27:52 Bloodlines
28:09 Masonry
27:31 Pikeman
28:12 Squires
28:27 Scale Mail Armor
28:38 Forging
29:41 Scale Barding Armor
30:20 Heavy Plow
30:32 Bow Saw
31:40 Fortified Wall
35:07 Imperial Age
32:55 Hand Cart
32:28 Town Watch
33:09 Chain Barding Armor
32:40 Fletching
34:03 Chain Mail Armor
34:23 Iron Casting
33:38 Arson
36:07 Ironclad
35:17 Cavalier
36:36 Plate Barding Armor
35:25 Halberdier
35:31 Elite Teutonic Knight
35:49 Heavy Scorpion
36:21 Capped Ram
36:53 Paladin
38:14 Crenellations
38:50 Conscription
39:07 Hoardings
39:02 Man-at-Arms
40:14 Plate Mail Armor
42:11 Blast Furnace
44:22 Chemistry
X-Lucifer
9:22 Feudal Age
11:37 Loom
14:48 Castle Age
14:45 Double-Bit Axe
16:00 Wheelbarrow
16:49 Bow Saw
43:06 Horse Collar
46:40 Scale Mail Armor
46:53 Horse Collar
49:12 Forging
50:05 Hand Cart
50:10 Chain Mail Armor
50:30 Iron Casting
51:43 Man-at-Arms
52:11 Gambesons
Connection lost

Rejoining the realm…

Still unreachable

The connection could not be restored.

Session expired

The server has moved on; the page needs a fresh start.